 Dungeon Crawl Stone Soup version 0.28.0-45-g0d030f2227 (webtiles) character file.

Game seed: 3158211149041270714

154 Icepheonix32 the Chiller (level 5, -1/38 HPs)
             Began as a Demonspawn Ice Elementalist on Apr 16, 2022.
             Slain by an ogre
             ... wielding a +0 giant spiked club
              (17 damage)
             ... on level 5 of the Dungeon.
             The game lasted 00:03:35 (3773 turns).

Icepheonix32 the Chiller (DsIE)                     Turns: 3773, Time: 00:03:37

Health: -1/38      AC: 15    Str: 10    XL:     5   Next: 13%
Magic:  1/8        EV: 12    Int: 16    God:
Gold:   149        SH:  0    Dex: 14    Spells: 2/9 levels left

rFire   . . .      SeeInvis .   k - +0 mace (protect)
rCold   + . .      Faith    .   (no shield)
rNeg    . . .      Spirit   .   a - +0 robe
rPois   .          Reflect  .   (no helmet)
rElec   .          Harm     .   (no cloak)
rCorr   .          Rampage  .   (no gloves)
Will    .....                   (no boots)
Stlth   ++........              (no amulet)
HPRegen 0.12/turn               p - ring of protection from cold
MPRegen 0.11/turn               (no ring)

@: ice-armoured, under a protective aura
A: hooves 2
a: no special abilities


You were on level 5 of the Dungeon.
You visited 1 branch of the dungeon, and saw 5 of its levels.

You collected 149 gold pieces.

Inventory:

Hand Weapons
 d - a +0 dagger
 k - a +0 mace of protection (weapon)
Missiles
 c - 4 boomerangs
Armour
 a - a +0 robe (worn)
Magical Staves
 s - a staff of earth
Jewellery
 p - a ring of protection from cold (left hand)
Scrolls
 e - 3 scrolls of identify {unknown}
 g - 2 scrolls of blinking {unknown}
 i - a scroll of fear {unknown}
 l - a scroll of teleportation {unknown}
 m - a scroll of acquirement {unknown}
 o - 3 scrolls of immolation {unknown}
Potions
 b - 3 potions of heal wounds {unknown}
 f - a potion of mutation {unknown}
 h - 2 potions of lignification {unknown}
 j - a potion of curing {unknown}
 n - a potion of ambrosia {unknown}
 q - a potion of degeneration {unknown}
 r - 2 potions of might {unknown}


   Skills:
 * Level 1.8 Fighting
 + Level 0.1 Short Blades
 + Level 0.9 Maces & Flails
 + Level 2.5 Dodging
 + Level 2.3 Stealth
 + Level 2.6 Spellcasting
 * Level 4.4 Ice Magic


You had 2 spell levels left.
You knew the following spells:

 Your Spells              Type           Power      Damage    Failure   Level
a - Freeze                Ice            64%        1d8       3%          1
b - Ozocubu's Armour      Ice            16%        N/A       10%         3
c - Frozen Ramparts       Ice            32%        1d5       10%         3

Your spell library contained the following spells:

 Spells                   Type           Power      Damage    Failure   Level
 Beastly Appendage        Tmut           4%         N/A       21%         1
 Corpse Rot               Necr/Air       4%         N/A       30%         2
 Poisonous Vapours        Pois/Air       4%         N/A       30%         2
 Wereblood                Tmut           2%         N/A       30%         2
 Spider Form              Tmut/Pois      2%         N/A       52%         3
 Hailstorm                Conj/Ice       9%         3d4       61%         4


Dungeon Overview and Level Annotations

Branches:
Dungeon (5/15)
 Temple: D:4-7

Altars:


Innate Abilities, Weirdness & Mutations

You have hoof-like feet.


Message History

The iguana is heavily wounded.
The endoplasm quivers.
The iguana barely misses you.
The kobold throws a stone.
The stone barely misses you.
You freeze the iguana.
You kill the iguana!
You have reached level 5!
You see here a +0 club.
There is a stone staircase leading down here.
You climb downwards.
Found a stone staircase leading down.
There is a stone staircase leading up here.
An ogre comes into view. It is wielding a +0 giant spiked club.
The ogre shouts!
You freeze the ogre.
The ogre is lightly wounded.
The ogre hits you with a +0 giant spiked club!!
Ouch! That really hurt!
Casting: Freeze (safe; 3% risk of failure)
Confirm with . or Enter, or press ? or * to list all spells.
A film of ice covers your body!
An ogre is nearby!
Unknown command.
You closely miss the ogre. The ogre closely misses you.
Unknown command.
You hit the ogre.
Your weapon exudes an aura of protection.
You kick the ogre.
The ogre is lightly wounded.
The ogre hits you with a +0 giant spiked club.
You are too injured to fight recklessly!
Casting: Ozocubu's Armour (dangerous; 10% risk of failure)
Confirm with . or Enter, or press ? or * to list all spells.
Aiming: Freeze (safe; 3% risk of failure)
Press: ? - help, Shift-Dir - straight line, f/p - ogre
Aim: an ogre, wielding a +0 giant spiked club (lightly wounded)
You freeze the ogre.
The ogre is moderately wounded.
The ogre hits you with a +0 giant spiked club!
You die...

##
#....##.
.#........
##>#....#
#.......#
#..<# .
#...# ...
##.###..#
#......##
#@O......
#.#.#####
#...#
#...#
#...#
#...#
....#
...##


You could see an ogre.

Vanquished Creatures
  A jelly (D:4)
  An iguana (D:4)
  2 adders
  A worm (D:2)
  3 dart slugs
  6 orcs (D:3)
  3 bats
  6 endoplasms
  3 giant cockroaches
  6 hobgoblins
  3 jackals (D:4)
  4 kobolds
  5 quokkas
  5 ball pythons
  2 frilled lizards
  5 goblins
  6 rats
62 creatures vanquished.

Notes
Turn   | Place    | Note
-------+----------+-------------------------------------------
     0 | D:1      | Icepheonix32 the Demonspawn Ice Elementalist began the
                  | quest for the Orb.
     0 | D:1      | Reached XP level 1. HP: 13/13 MP: 3/3
   441 | D:1      | Gained mutation: You have large cloven feet. [demonic
                  | ancestry]
   441 | D:1      | Reached XP level 2. HP: 18/20 MP: 1/5
   660 | D:1      | Reached skill level 1 in Fighting
   663 | D:1      | Reached skill level 4 in Ice Magic
  1192 | D:2      | Gained mutation: You have hoof-like feet. [demonic
                  | ancestry]
  1192 | D:2      | Reached XP level 3. HP: 14/26 MP: 6/6
  2395 | D:2      | Learned a level 3 spell: Ozocubu's Armour
  2780 | D:3      | Reached XP level 4. HP: 30/32 MP: 7/7
  3324 | D:4      | Noticed an ogre
  3651 | D:4      | Learned a level 3 spell: Frozen Ramparts
  3748 | D:4      | Noticed an ogre
  3752 | D:4      | Reached XP level 5. HP: 38/38 MP: 4/8
  3763 | D:5      | Entered Level 5 of the Dungeon
  3766 | D:5      | Noticed an ogre
  3773 | D:5      | Slain by an ogre

Illustrated notes

Levels and vault maps discovered:
D:1:      scummos_arrival_hexagon, layout_basic, shapermc_ecumenical_altar_petra
D:2:      layout_loops_corners
D:3:      layout_loops_ring
D:4:      layout_rooms
D:5:      layout_loops_ring, serial_shops, kennysheep_mini_moat

Skill      XL: |  1  2  3 |
---------------+----------+-----
Fighting       | 1 |  1.8
Ice Magic      | 4 |  4.4
Dodging        | 2 |  2.5
Stealth        | 2 |  2.3
Short Blades   | |  0.1
Maces & Flails | |  0.9
Spellcasting   | |  2.6

Action                   |  1- 3 |  4- 6 || total
-------------------------+-------+-------++-------
Melee: Dagger            |    53 |       ||    53
       Unarmed           |     2 |       ||     2
       Kick              |    13 |    10 ||    23
       Mace              |    21 |    43 ||    64
       Punch             |     1 |     1 ||     2
Throw: Boomerang         |     3 |       ||     3
 Cast: Freeze            |    31 |    11 ||    42
       Ozocubu's Armour  |       |     3 ||     3
 Stab: Sleeping          |     5 |     2 ||     7
       Distracted        |       |     1 ||     1
Armor: Robe              |    14 |    31 ||    45
Dodge: Dodged            |    69 |    55 ||   124
